 Dungeon Crawl Stone Soup version 0.21.1-1-g345015f (webtiles) character file.

999 Fang the Chopper (level 8, -9/75 HPs)
             Began as a Gargoyle Berserker on July 26, 2018.
             Was a Believer of Trog.
             Mangled by Duvessa
             ... wielding a +0 short sword
              (11 damage)
             ... on level 4 of the Dungeon.
             The game lasted 00:04:59 (4736 turns).

Fang the Chopper (Gargoyle Berserker)               Turns: 4736, Time: 00:04:59

Health: -9/75      AC:  7    Str: 28    XL:     8   Next: 19%
Magic:  8/8        EV: 13    Int: 14    God:    Trog [**....]
Gold:   132        SH:  0    Dex:  9    Spells: 7/7 levels left

rFire    . . .     SeeInvis .   a - +0 hand axe
rCold    . . .     Gourm    .   (no shield)
rNeg     + . .     Faith    .   b - +0 animal skin
rPois    ∞         Spirit   .   (no helmet)
rElec    +         Reflect  .   (no cloak)
rCorr    .         Harm     .   (no gloves)
MR       .....                  (no boots)
Stlth    ..........             (no amulet)
HPRegen  0.22/turn              l - +4 ring of intelligence
MPRegen  0.11/turn              o - +2 ring of intelligence

@: berserking (expiring), very quick
A: negative energy resistance 1, electricity resistance, unbreathing,
petrification resistance, rot immunity, AC +5
a: Berserk, Trog's Hand, Burn Spellbooks, Renounce Religion


You were on level 4 of the Dungeon.
You worshipped Trog.
Trog was pleased with you.
You were hungry.

You visited 1 branch of the dungeon, and saw 4 of its levels.

You collected 132 gold pieces.

Inventory:

Hand Weapons
 a - a +0 hand axe (weapon)
Armour
 b - a +0 animal skin (worn)
Jewellery
 l - a +4 ring of intelligence (left hand)
 o - a +2 ring of intelligence (right hand)
Scrolls
 d - 2 scrolls of magic mapping {unknown}
 e - 8 scrolls of identify {unknown}
 h - 2 scrolls of blinking {unknown}
 j - 2 scrolls of remove curse {unknown}
 k - a scroll of fear {unknown}
 m - a scroll of teleportation {unknown}
Potions
 f - a potion of ambrosia {unknown}
 g - 2 potions of curing
 i - a potion of might {unknown}
 n - a potion of mutation {unknown}
Comestibles
 c - 8 rations


   Skills:
 + Level 5.5 Fighting
 + Level 6.3 Axes
 + Level 2.2 Armour
 + Level 4.3 Dodging
 + Level 2.1 Stealth


You had 7 spell levels left.
You didn't know any spells.

Dungeon Overview and Level Annotations

Branches:
Dungeon (4/15)
 Temple: D:4-7

Altars:
Ashenzari
Cheibriados
Elyvilon
Fedhas
Kikubaaqudgha
Uskayaw

Annotations:
D:4 Duvessa


Innate Abilities, Weirdness & Mutations

You are resistant to torment.
Your stone body is resilient. (AC +5)
You are immune to poison.
You resist negative energy. (rN+)
You are resistant to electric shocks. (rElec)
You can survive without breathing.
You are immune to petrification.
You are immune to rotting.


Message History

Duvessa is healed!
Dowan misses you.
You slash Kevlar's ghost!
You destroy Kevlar's ghost!
Trog accepts your kill.
Your Axes skill increases to level 6!
You have reached level 8!
You feel stronger.
You closely miss Dowan. You slash Duvessa! Duvessa closely misses you.
You are too berserk!
You slice Dowan!!
You kill Dowan!
Trog accepts your kill.
Trog appreciates your killing of a magic user.
Duvessa screams in rage.
Duvessa goes berserk!
You barely miss Duvessa. Duvessa hits you but does no damage.
You hit Duvessa.
Duvessa is almost dead.
Duvessa hits you with a short sword!
You die...

#.###..P.P_.#.#.##.#####
#......##PP.#...##......
#.......#####..#########
######......... .......
#......... #######
#......... # #.........
## #......... #..
#e@....... #..
#[))...... #..
........... #..
.....######## #..
....... #.. ....... #..
....... .. .......


You could see Duvessa (berserk).

Vanquished Creatures
  The ghost of Kevlar the Bolt Thrower, an amateur OgHu of Cheibriados (D:4)
  The ghost of aciddrop the Sneak, an amateur DsAs (D:3)
  A centaur (D:4)
  An ogre (D:4)
  A bullfrog (D:3)
  A scorpion (D:4)
  Dowan (D:4)
  A howler monkey (D:4)
  A hound (D:4)
  A centaur skeleton (D:4)
  2 worker ants
  7 adders
  7 gnolls
  4 worms
  3 dart slugs
  3 leopard geckos
  5 orcs (D:3)
  4 ball pythons
  2 giant cockroaches (D:1)
  6 goblins
  5 hobgoblins
  8 jackals
  6 kobolds
  4 bats
  4 frilled lizards
  A leopard gecko skeleton (D:4)
  3 rats (D:1)
84 creatures vanquished.

Vanquished Creatures (others)
  A plant (D:4)
1 creature vanquished.

Grand Total: 85 creatures vanquished

Notes
Turn   | Place    | Note
-------+----------+-------------------------------------------
     0 | D:1      | Fang the Gargoyle Berserker began the quest for the Orb.
     0 | D:1      | Reached XP level 1. HP: 14/14 MP: 1/1
   506 | D:1      | Reached skill level 3 in Axes
   506 | D:1      | Reached XP level 2. HP: 14/19 MP: 2/2
  1423 | D:2      | Reached XP level 3. HP: 19/24 MP: 3/3
  1537 | D:2      | HP: 1/24 [gnoll/spear (2)]
  1906 | D:2      | Reached XP level 4. HP: 8/29 MP: 4/4
  3067 | D:3      | Reached XP level 5. HP: 25/33 MP: 5/5
  3084 | D:3      | Found a shattered altar of Ashenzari.
  3121 | D:3      | Reached skill level 1 in Stealth
  3295 | D:3      | Reached skill level 4 in Axes
  3321 | D:3      | Reached ** piety under Trog
  3499 | D:3      | Noticed aciddrop's ghost (amateur DsAs)
  3524 | D:3      | Killed aciddrop's ghost
  3524 | D:3      | Reached XP level 6. HP: 39/39 MP: 6/6
  3527 | D:3      | Found a white marble altar of Elyvilon.
  3754 | D:3      | Found a snail-covered altar of Cheibriados.
  3810 | D:3      | Found a hide-covered altar of Uskayaw.
  4135 | D:4      | HP: 1/39 [gnoll/halberd (7)]
  4395 | D:4      | Reached skill level 5 in Axes
  4395 | D:4      | Reached XP level 7. HP: 24/44 MP: 7/7
  4682 | D:4      | Found an ancient bone altar of Kikubaaqudgha.
  4682 | D:4      | Found a blossoming altar of Fedhas.
  4711 | D:4      | Noticed Duvessa
  4712 | D:4      | Noticed Kevlar's ghost (amateur OgHu)
  4713 | D:4      | Noticed Dowan
  4723 | D:4      | Reached skill level 5 in Fighting
  4731 | D:4      | HP: 1/66 [Duvessa/short sword (3)]
  4734 | D:4      | Killed Kevlar's ghost
  4734 | D:4      | Reached skill level 6 in Axes
  4734 | D:4      | Reached XP level 8. HP: 1/50 MP: 8/8
  4735 | D:4      | Killed Dowan
  4736 | D:4      | Mangled by Duvessa

Skill      XL: |  1  2  3  4  5  6  7 |
---------------+----------------------+-----
Axes           | 3 4 5 6 |  6.3
Dodging        | 2 3 4 |  4.3
Fighting       | 4 5 |  5.5
Stealth        | 1 2 |  2.1
Armour         | |  2.2

Action                   |  1- 3 |  4- 6 |  7- 9 || total
-------------------------+-------+-------+-------++-------
Melee: Hand axe          |   113 |   230 |    60 ||   403
Invok: Berserk           |     1 |     3 |     1 ||     5
 Stab: Sleeping          |       |     1 |       ||     1
  Eat: Chunk             |     3 |    10 |       ||    13
       Ration            |       |     1 |       ||     1
Armor: Animal skin       |    30 |    93 |    25 ||   148
Dodge: Dodged            |    72 |   178 |    45 ||   295
